 Dungeon Crawl Stone Soup version 0.20.1-1-g8b1a95d (webtiles) character file.

64 dohliylev the Sneak (level 3, 0/24 HPs)
             Began as a Vampire Enchanter on Dec 7, 2017.
             Succumbed to an adder's poison
             ... on level 2 of the Dungeon.
             The game lasted 00:05:37 (2196 turns).

dohliylev the Sneak (Vampire Enchanter)             Turns: 2196, Time: 00:05:38

Health: 0/24       AC:  2    Str:  7    XL:     3   Next: 91%
Magic:  2/6        EV: 13    Int: 17    God:
Gold:   116        SH:  0    Dex: 15    Spells: 4/7 levels left

rFire    . . .     SeeInvis +   a - +1 dagger
rCold    . . .     Gourm    .   (no shield)
rNeg     + . .     Faith    .   b - +0 robe
rPois    .         Spirit   .   (no helmet)
rElec    .         Reflect  .   (no cloak)
rCorr    .         Harm     .   (no gloves)
MR       .....                  (no boots)
Stlth    +++.......             (no amulet)
Regen    0.1/turn               (no ring)
MPRegen  0.1/turn               (no ring)

@: lethally poisoned (0 -> -14), very slightly contaminated
A: fangs 3, see invisible, unbreathing
a: Bat Form


You were on level 2 of the Dungeon.
You were not thirsty.

You visited 1 branch of the dungeon, and saw 2 of its levels.

You collected 116 gold pieces.

Inventory:

Hand Weapons
 a - a +1 dagger (weapon)
Armour
 b - a +0 robe (worn)
Scrolls
 f - a scroll of random uselessness {unknown}
 h - a scroll of fog {unknown}
 j - 3 scrolls of remove curse {unknown}
 k - a scroll of recharging {unknown}
 l - 3 scrolls of teleportation {unknown}
 n - a scroll of blinking {unknown}
 q - 2 scrolls of identify {unknown}
 r - 3 scrolls of amnesia {unknown}
Potions
 d - 13 potions of blood
 e - a potion of agility {unknown}
 g - a potion of heal wounds {unknown}
 i - a potion of haste {unknown}
 m - a potion of mutation {unknown}
 o - a potion of curing {unknown}
 p - a potion of berserk rage {unknown}
 s - a potion of lignification {unknown}
Books
 c - a book of Maledictions

   Spells                             Type                      Level
   a - Corona                         Hexes                        1
   b - Ensorcelled Hibernation        Hexes/Ice                    2
   c - Confuse                        Hexes                        3
   d - Tukima's Dance                 Hexes                        3
   e - Dazzling Spray                 Conjuration/Hexes            3


   Skills:
 + Level 0.1 Fighting
 + Level 1.2 Short Blades
 + Level 2.5 Dodging
 + Level 5.3 Stealth
 + Level 2.6 Spellcasting
 * Level 5.1 Hexes
 + Level 0.8 Ice Magic


You had 4 spell levels left.
You knew the following spells:

 Your Spells              Type           Power        Failure   Level  Hunger
a - Corona                Hex            ###....      2%          1    #......
b - Ensorcelled Hibernat  Hex/Ice        ##....       9%          2    ##.....


Dungeon Overview and Level Annotations

Branches:
Dungeon (2/15)

Altars:


Innate Abilities, Weirdness & Mutations

You have razor-sharp teeth.
You have supernaturally acute eyesight. (SInv)
You can survive without breathing.


Message History

You closely miss the adder. You bite the adder, but do no damage.
The adder is lightly wounded.
The adder misses you. The adder bites you.
You are lethally poisoned!
The adder poisons you!
You completely miss the adder.
The adder is lightly wounded.
You feel sick. The worm bites you.
* * * LOW HITPOINT WARNING * * *
The adder bites you.
* * * LOW HITPOINT WARNING * * *
You are more poisoned.
The adder poisons you!
You closely miss the adder.
The adder is lightly wounded.
* * * LOW HITPOINT WARNING * * *
You feel sick. The adder closely misses you. The worm barely misses you.
You closely miss the adder.
The adder is lightly wounded.
You die...

#.#.# #.†.# ##..# ##
#..# ... ##.#### ....
#...... ..... #......
...?.w############......
.....lS@w...............
.....r##############.###
..... #..## #### ##.##
#####..# #......#
#....... ###### #.......
#....# #.......


You could see 2 worms, an adder, a frilled lizard and a rat.

Vanquished Creatures
  An adder (D:2)
  An ooze (D:1)
  A dart slug (D:2)
  2 leopard geckos (D:2)
  3 giant cockroaches
  9 goblins
  5 hobgoblins
  2 jackals (D:2)
  5 bats
  8 frilled lizards
  3 kobolds
  9 rats
49 creatures vanquished.

Notes
Turn   | Place    | Note
-------+----------+-------------------------------------------
     0 | D:1      | dohliylev the Vampire Enchanter began the quest for the Orb.
     0 | D:1      | Reached XP level 1. HP: 13/13 MP: 3/3
   436 | D:1      | Reached XP level 2. HP: 15/19 MP: 3/5
   440 | D:1      | Learned a level 2 spell: Ensorcelled Hibernation
  1458 | D:2      | Reached XP level 3. HP: 16/24 MP: 1/6
  1628 | D:2      | Reached skill level 5 in Stealth
  1655 | D:2      | Reached skill level 5 in Hexes
  2196 | D:2      | Succumbed to an adder's poison

Skill      XL: |  1  2  3 |
---------------+----------+-----
Stealth        | 5 |  5.3
Hexes          | 5 |  5.1
Fighting       | |  0.1
Short Blades   | |  1.2
Dodging        | |  2.5
Spellcasting   | |  2.6
Ice Magic      | |  0.8

Action                   || total
-------------------------++-------
Melee: Dagger            ||   129
       Bite              ||    13
 Cast: Corona            ||     6
       Ensorcelled Hiber ||    24
 Stab: Sleeping          ||    26
  Eat: Corpse            ||    10
Armor: Robe              ||    10
Dodge: Dodged            ||    86
